[Event "Tournoi de MI de l'Echiquier du Pays de Bray"]
[Site "Gournay-en-Bray, France"]
[Date "2023.05.17"]
[Round "5.1"]
[White "DEFROMONT, Benjamin"]
[Black "TEREKHOV, Andrey"]
[Result "1-0"]
[TimeControl "1h30/40 + 30 (30s/c)"]
[WhiteTitle "FM"]
[BlackTitle "FM"]
[WhiteFideId "36068829"]
[BlackFideId "4121481"]
[WhiteElo "2347"]
[BlackElo "2314"]

1. e4 c5 2. Nf3 e6 3. d4 cxd4 4. Nxd4 Nc6 5. Nc3 Qc7 6. g4 Nxd4 7. Qxd4 a6 8. Be3 Ne7 9. O-O-O Nc6 10.
Qd2 Be7 11. f4 d6 12. h4 b5 13. Qf2 Rb8 14. Kb1 Bd7 15. g5 Na5 16. Bd3 Nc4 17. Bxc4 Qxc4 18. Bd4 b4 19. Ne2 O-O 20. Ng3 f6 21. gxf6 gxf6 22. Nh5 Kh8 23. Rhg1 e5 24.
fxe5 dxe5 25. Qg3 Qf7 26. Bxe5 Rg8 27. Qf4 Rxg1 28. Rxg1 Rf8 29. Bd6 Bxd6 30. Qxd6 Be6 31. Rg7 Qe8 32.
b3 Qd8 33. Qxd8 Rxd8 34. Re7 1-0

[Event "Tournoi de MI de l'Echiquier du Pays de Bray"]
[Site "Gournay-en-Bray, France"]
[Date "2023.05.17"]
[Round "5.2"]
[White "ROSHKA, Yevgeniy"]
[Black "HÖGLAUER, Patrick"]
[Result "1-0"]
[TimeControl "1h30/40 + 30 (30s/c)"]
[WhiteTitle "IM"]
[BlackTitle "FM"]
[WhiteFideId "14129558"]
[BlackFideId "1270548"]
[WhiteElo "2508"]
[BlackElo "2280"]

1. e4 c5 2. Nc3 e6 3. Nf3 Nc6 4. Bb5 Qc7 5. O-O a6 6. Bxc6 Qxc6 7. d4 cxd4 8. Qxd4 b5 9. Bf4 Nf6 10.
Nd5 Nxd5 11. exd5 Qc4 12. dxe6 dxe6 13. Qd2 Be7 14. Bd6 Ra7 15. Ne5 Qe4 16. Rfe1 Qa8 17. Bxe7 Rxe7 18. Qg5 Kf8 19.
Rad1 h6 20. Rd8+ Re8 21. Qf4 f6 22.
Qb4+ 1-0

[Event "Tournoi de MI de l'Echiquier du Pays de Bray"]
[Site "Gournay-en-Bray, France"]
[Date "2023.05.17"]
[Round "5.3"]
[White "LEFEBVRE, Hervé"]
[Black "DGEBUADZE, Alexander"]
[Result "0-1"]
[TimeControl "1h30/40 + 30 (30s/c)"]
[WhiteTitle "FM"]
[BlackTitle "GM"]
[WhiteFideId "607363"]
[BlackFideId "203882"]
[WhiteElo "2161"]
[BlackElo "2435"]

1. d4 Nf6 2. Nf3 d6 3. c4 g6 4. Nc3 Bf5 5. Ng5 h6 6. e4 Bg4 7. Nf3 Nc6 8. d5 Ne5 9. Be2 Nxf3+ 10. gxf3 Bh3 11. Qd3 c6 12.
f4 Bd7 13. e5 Bf5 14. Qe3 dxe5 15. fxe5 Nd7 16. f4 e6 17. Bd2 Bc5 18. Qg3 cxd5 19. cxd5 exd5 20. Bg4 d4 21. Bxf5 gxf5 22.
O-O-O Nf8 23. Rhe1 Ne6 24. Qh3 dxc3 25. Bxc3 Qe7 26. Qxf5 Bb4 27. Qe4 Bxc3 28. Qa4+ b5 29. Qxb5+ Kf8 30.
bxc3 Rg8 31. Rd7 Qa3+ 32. Kb1 Rg2 33. Qb4+ Qxb4+ 34. cxb4 Rf2 0-1

[Event "Tournoi de MI de l'Echiquier du Pays de Bray"]
[Site "Gournay-en-Bray, France"]
[Date "2023.05.17"]
[Round "5.4"]
[White "DUBESSAY, Bastien"]
[Black "DECUIGNIERE, Tom"]
[Result "1/2-1/2"]
[TimeControl "1h30/40 + 30 (30s/c)"]
[WhiteTitle "FM"]
[BlackTitle "FM"]
[WhiteFideId "650048"]
[BlackFideId "26093820"]
[WhiteElo "2283"]
[BlackElo "2396"]

1. d4 Nf6 2. c4 e6 3. Nc3 Bb4 4. f3 d5 5. a3 Bxc3+ 6. bxc3 c5 7. cxd5 Nxd5 8. dxc5 Qa5 9. e4 Nf6 10.
Be3 O-O 11. Kf2 Nfd7 12. Qb3 Qc7 13. Bb5 Nxc5 14. Qc4 b6 15. Ne2 e5 16. Qd5 Bb7 17. Qa2 a6 18. Bc4 b5 19. Bd5 Nbd7 20.
Rhd1 Nb6 21. Bxb7 Nxb7 22. Kg1 Nc4 23. Bf2 Rfd8 24. a4 Rxd1+ 25. Rxd1 Rd8 26. Rxd8+ Qxd8 27. Qc2 Na3 28. Qb3 Na5 29.
Qd5 Qxd5 30. exd5 bxa4 31. d6 Nb7 32. d7 Nc4 33. Bc5 Nca5 34. c4 f6 35. Nc3 Kf7 36. Bb6 Nc6 37. Nxa4 Ke7 38.
Kf2 Kxd7 39. Ke3 Ke6 40. Kd3 f5 41. Ke3 h5 42. h3 g5 43. Kd3 Ne7 44. Be3 f4 45. Bf2 Kf5 46. Nc3 Nc6 47.
c5 Nba5 48. Ne4 Nb4+ 49. Kc3 Nd5+ 50. Kd3 Nc6 51. Nd6+ Ke6 52. Ne4 Kf5 53. Nd6+ Kf6 54. Ne4+ Kg6 55. Kc4 Nde7 56. Kd3 Kf5 57.
Nd6+ Ke6 58. Ne4 Kf5 59. Nd6+ Ke6 60. Ne4 Kf5 1/2-1/2

[Event "Tournoi de MI de l'Echiquier du Pays de Bray"]
[Site "Gournay-en-Bray, France"]
[Date "2023.05.17"]
[Round "5.5"]
[White "MOUHAMAD, Joachim"]
[Black "NIKCEVIC, Nebosja"]
[Result "1/2-1/2"]
[TimeControl "1h30/40 + 30 (30s/c)"]
[WhiteTitle "FM"]
[BlackTitle "GM"]
[WhiteFideId "656410"]
[BlackFideId "901776"]
[WhiteElo "2238"]
[BlackElo "2373"]

1. e4 e5 2. Nf3 Nc6 3. Bb5 a6 4. Ba4 Nf6 5. O-O Be7 6. d3 d6 7. c3 O-O 8. Re1 Re8 9. Nbd2 Bf8 10. Nf1 h6 11. Ng3 b5 12.
Bb3 Na5 13. Bc2 c5 14. d4 Qc7 15. d5 c4 16. b4 cxb3 17. axb3 Nb7 18. Bd2 Nc5 19. Qe2 Qb8 20. Ra2 Re7 21. Rea1 Rea7 22. b4 Ncd7 23. c4 bxc4 24. Qxc4 Be7 25. Qe2 Bd8 26. Bd3 a5 27.
bxa5 Nc5 28. Bc4 Nb3 29. Bxb3 Qxb3 30. Ra3 Qb2 31. Qe1 Rb8 32. h3 Ba6 33. Bc3 Qb5 34. Nd2 Rab7 35. Nf5 Qd7 36.
Qe3 Nxd5 37. Nxh6+ gxh6 38. exd5 Bg5 39. Qg3 Kf8 40. Qf3 f5 41. Rd1 Kg8 42. Qh5 Qf7 43. Qxf7+ Kxf7 44. Raa1 Rc8 45.
Ra3 Rc5 46. Nf1 f4 47. Be1 Rbb5 48. Rc3 Rxd5 49. Rxd5 Rxd5 50. Rc6 Bb5 51. Rc1 Rd4 52. Rb1 Bd3 53. Ra1 Ba6 54. Nd2 e4 55.
Nf1 Rd3 56. Rb1 e3 57. Nh2 Ra3 58. fxe3 fxe3 59. Nf3 Be7 60. Rb6 Bc4 61. Kh2 Bd8 62. Rb8 Bxa5 63. Rb7+ Ke6 64. Nd4+ Kd5 65.
Nc2 Bxe1 66. Nxa3 Bd3 67. Re7 Bf2 68. g4 e2 69. Nc2 Be4 70. Nb4+ Kd4 71. Nc2+ Kd3 72. Nb4+ Ke3 73. Nc2+ Kd3 74. Nb4+ Kc3 75. Rxe4 e1=Q 76.
Nd5+ Kd3 77. Rxe1 Bxe1 78. Kg2 Ke4 79. Nf6+ Kf4 80. Ng8 Kg5 81. Kf3 Bd2 82. Ke4 Kh4 83. Kd5 Bg5 84. Kxd6 Kxh3 85.
Nxh6 1/2-1/2

[ePGN "0.1;DGT LiveChess/2.2.5"]

[Event "Tournoi de MI de l'Echiquier du Pays de Bray"]
[Site "Gournay-en-Bray, France"]
[Date "2023.05.18"]
[Round "6.1"]
[White "NIKCEVIC, Nebosja"]
[Black "ROSHKA, Yevgeniy"]
[Result "1/2-1/2"]
[TimeControl "1h30/40 + 30 (30s/c)"]
[WhiteTitle "GM"]
[BlackTitle "IM"]
[WhiteFideId "901776"]
[BlackFideId "14129558"]
[WhiteElo "2373"]
[BlackElo "2508"]

1. d4 g6 2. c4 Bg7 3. e4 d6 4. Ne2 e5 5. Nbc3 Nc6 6. d5 Nce7 7. Ng3 f5 8. exf5 Nxf5 9. Nxf5 Bxf5 10.
Be2 Bh6 11. Bxh6 Nxh6 12. Qd2 Nf7 13. g4 Bd7 14. Ne4 Qh4 15. Qe3 h5 16. gxh5 gxh5 17. O-O-O Ke7 18. Rdg1 Qf4 19. h4 Bf5 20.
Ng5 Qxe3+ 21. fxe3 Raf8 22. Nxf7 Rxf7 23. Rg5 Be4 24. Rf1 Rxf1+ 25. Bxf1 Rf8 26. Be2 Rf2 27. Kd1 Rh2 28. Rg7+ Kd8 29.
Rg8+ Ke7 30. Rg7+ Kd8 1/2-1/2

[Event "Tournoi de MI de l'Echiquier du Pays de Bray"]
[Site "Gournay-en-Bray, France"]
[Date "2023.05.18"]
[Round "6.2"]
[White "HÖGLAUER, Patrick"]
[Black "DUBESSAY, Bastien"]
[Result "1-0"]
[TimeControl "1h30/40 + 30 (30s/c)"]
[WhiteTitle "FM"]
[BlackTitle "FM"]
[WhiteFideId "1270548"]
[BlackFideId "650048"]
[WhiteElo "2280"]
[BlackElo "2283"]

1. d4 Nf6 2. c4 e6 3. Nf3 c5 4. Nc3 cxd4 5. Nxd4 d5 6. cxd5 Nxd5 7. Bd2 Nc7 8. e3 Be7 9. Qc2 O-O 10.
Bd3 g6 11. Rd1 e5 12. Nf3 Nc6 13. Be4 Nb4 14. Qb1 f5 15. Bc2 Nxc2+ 16. Qxc2 Bf6 17. e4 Qe7 18. O-O Re8 19. Rfe1 Qg7 20.
Bg5 f4 21. Bxf6 Qxf6 22. Nd5 Nxd5 23. Rxd5 Bg4 24. Qd3 Rac8 25. h3 Bxf3 26. Qxf3 Rc7 27. Qb3 Kg7 28. Red1 Ree7 29. a3 a6 30.
a4 Qc6 31. a5 Qc4 32. Qf3 Qc2 33. R5d2 Qa4 34. Rd5 Qb4 35. Qe2 Kh6 36. Kh2 Qa4 37. Qf3 Kg7 38. Qd3 Qc2 39. Qxc2 Rxc2 40.
R1d2 Rc4 41. f3 Rb4 42. h4 Rb3 43. Kh3 h5 44. Kh2 Kf7 45. Kg1 g5 46. hxg5 Kg6 47. Kh2 Kxg5 48. Kh3 Re3 49.
Rd1 Re2 50. R5d2 Re3 51. Rd8 Re2 52. R1d6 Rg7 53. Re8 Rg6 54. Rxe5+ Kh6 55. Rxg6+ Kxg6 56. Re6+ Kg5 57. Rb6 Re1 58.
Kh2 h4 59. Rxb7 h3 60. Rg7+ Kf6 61. Rg4 Ke5 62. Rg5+ Kd4 63. Kxh3 Re2 64. b4 Rb2 65. Rg6 Rxb4 66. Rxa6 Rb1 67.
Rb6 Ra1 68. Kg4 1-0

[Event "Tournoi de MI de l'Echiquier du Pays de Bray"]
[Site "Gournay-en-Bray, France"]
[Date "2023.05.18"]
[Round "6.3"]
[White "TEREKHOV, Andrey"]
[Black "DGEBUADZE, Alexander"]
[Result "0-1"]
[TimeControl "1h30/40 + 30 (30s/c)"]
[WhiteTitle "FM"]
[BlackTitle "GM"]
[WhiteFideId "4121481"]
[BlackFideId "203882"]
[WhiteElo "2314"]
[BlackElo "2435"]

1. d4 Nf6 2. Nf3 e6 3. c4 Bb4+ 4. Nbd2 b6 5. a3 Bxd2+ 6. Qxd2 Bb7 7. e3 Nc6 8. b4 Ne7 9. Be2 O-O 10.
O-O d6 11. Qc2 h6 12. Bb2 Be4 13. Qc3 c6 14. a4 a6 15. Nd2 Bg6 16. f3 Qd7 17. e4 Rfd8 18. Rfd1 d5 19. Qe3 Qb7 20.
Bc3 b5 21. c5 dxe4 22. Nxe4 Ned5 23. Nxf6+ Nxf6 24. Be1 Bc2 25. axb5 axb5 26. Rdc1 Nd5 27. Qd2 Bg6 28. Qb2 Qe7 29.
Rxa8 Rxa8 30. Ra1 Rxa1 31. Qxa1 Qg5 32. Qb2 Ne3 33. g3 Nc2 34. f4 Qd5 35. Bf2 Be4 36. h3 h5 37. Bf1 Qf5 38.
Qc3 h4 39. Kh2 hxg3+ 40. Bxg3 Qh5 41. Bf2 Nxb4 42. Qxb4 Qf3 43. Qe1 b4 44. Qe2 Qh1+ 45. Kg3 b3 46. d5 b2 47. Qxb2 Qxf1 48.
dxe6 Qg2+ 49. Kh4 f6 50. Qd2 Bf5 51. Qe3 Kh7 52. Qg3 g5+ 53. Kh5 Qd5 54. fxg5 Qd1+ 55. Kh4 Qa4+ 56. Kh5 Bg6# 0-1

[Event "Tournoi de MI de l'Echiquier du Pays de Bray"]
[Site "Gournay-en-Bray, France"]
[Date "2023.05.18"]
[Round "6.4"]
[White "DECUIGNIERE, Tom"]
[Black "LEFEBVRE, Hervé"]
[Result "1-0"]
[TimeControl "1h30/40 + 30 (30s/c)"]
[WhiteTitle "FM"]
[BlackTitle "FM"]
[WhiteFideId "26093820"]
[BlackFideId "607363"]
[WhiteElo "2396"]
[BlackElo "2161"]

1. d4 d5 2. c4 e6 3. Nf3 Nf6 4. Nc3 h6 5. g3 Bd6 6. Bg2 Nc6 7. O-O O-O 8. c5 Be7 9. Bf4 g5 10.
Bc1 Ne4 11. e3 f5 12. Nd2 Kg7 13. Ndxe4 dxe4 14. a3 a5 15.
Bd2 b6 16. b4 bxc5 17. b5 Na7 18. dxc5 Bxc5 19. Nxe4 fxe4 20. Bc3+ e5 21. Bxe5+ Kg6 22. Qxd8 Rxd8 23. Bxe4+ Bf5 24. Bxa8 Rxa8 25. Rfc1 Bb6 26.
Bxc7 Bxc7 27. Rxc7 Nxb5 28. Rc6+ Kg7 29. Rc5 Bd7 30. a4 1-0

[Event "Tournoi de MI de l'Echiquier du Pays de Bray"]
[Site "Gournay-en-Bray, France"]
[Date "2023.05.18"]
[Round "6.5"]
[White "DEFROMONT, Benjamin"]
[Black "MOUHAMAD, Joachim"]
[Result "1-0"]
[TimeControl "1h30/40 + 30 (30s/c)"]
[WhiteTitle "FM"]
[BlackTitle "FM"]
[WhiteFideId "36068829"]
[BlackFideId "656410"]
[WhiteElo "2347"]
[BlackElo "2238"]

1. e4 c5 2. Nf3 Nc6 3. Bb5 g6 4. O-O Bg7 5. Re1 e5 6. b4 Nxb4 7. c3 Nc6 8. Ba3 Nge7 9. d4 exd4 10.
Bxc5 d6 11. Bxd4 O-O 12. Bxg7 Kxg7 13. h3 h6 14. Re3 Be6 15. Nbd2 Rc8 16. Qc1 Qa5 17. Qb2 Kh7 18. Bf1 Qc7 19. c4 Rfd8 20. Rc1 Rd7 21.
Kh1 b6 22. Nh2 Qd8 23. f4 Qh8 24. Qa3 Qf6 25. Rf3 Nd4 26.
Rf2 Qg7 27. Nhf3 Nxf3 28. Nxf3 Rc5 29. Rd2 Ng8 30. Nd4 Nf6 31. f5 gxf5 32. exf5 Bxc4 33. Bxc4 Ne4 34. f6 Qxf6 35. Rf1 Qe5 36. Nf3 Qc3 37. Qxc3 Nxc3 38.
Bd3+ Kg8 39. Nd4 Rd5 40. Rf4 b5 41. Bc2 h5 42. Bb3 Re5 43. Nf3 Re3 44. Kh2 a5 45. Bd5 b4 46. Rfd4 Re2 47.
Rxe2 Nxe2 48. Rd2 Nc3 49. Ng5 Re7 50. Bc4 Rc7 51. Bd5 Re7 52. Kg3 Kg7 53. Kf4 Re5 54. Bf3 a4 55. Ne4 Nd5+ 56.
Kg3 Ne3 57. Kf2 Nc4 58. Rd4 d5 59.
Nd2 Nb2 60. Bxd5 Nd1+ 61. Kf3 Re3+ 62. Kf4 Re2 63. Bf3 Nc3 64. Bxe2 Nxe2+ 65. Ke3 Nxd4 66. Kxd4 Kf6 67. Kc4 b3 68.
a3 Ke5 69. Kb4 Kd4 70. Kxa4 b2 71. Kb3 Kd5 1-0

[ePGN "0.1;DGT LiveChess/2.2.5"]

[Event "Tournoi de MI de l'Echiquier du Pays de Bray"]
[Site "Gournay-en-Bray, France"]
[Date "2023.05.19"]
[Round "7.1"]
[White "DGEBUADZE, Alexander"]
[Black "DECUIGNIERE, Tom"]
[Result "1/2-1/2"]
[TimeControl "1h30/40 + 30 (30s/c)"]
[WhiteTitle "GM"]
[BlackTitle "FM"]
[WhiteFideId "203882"]
[BlackFideId "26093820"]
[WhiteElo "2435"]
[BlackElo "2396"]

1. e4 c6 2. d4 d5 3. Nc3 dxe4 4. Nxe4 Bf5 5. Ng3 Bg6 6. Nf3 e6 7. h4 h6 8. h5 Bh7 9. Bd3 Bxd3 10.
Qxd3 Nf6 11. Bd2 c5 12. Ne4 Nc6 13. Bc3 Nb4 14. Bxb4 cxb4 15. Qb5+ Qd7 16. Qxd7+ 1/2-1/2

[Event "Tournoi de MI de l'Echiquier du Pays de Bray"]
[Site "Gournay-en-Bray, France"]
[Date "2023.05.19"]
[Round "7.2"]
[White "ROSHKA, Yevgeniy"]
[Black "DEFROMONT, Benjamin"]
[Result "0-1"]
[TimeControl "1h30/40 + 30 (30s/c)"]
[WhiteTitle "IM"]
[BlackTitle "FM"]
[WhiteFideId "14129558"]
[BlackFideId "36068829"]
[WhiteElo "2508"]
[BlackElo "2347"]

1. e4 c5 2. Nc3 Nc6 3. Bb5 Nf6 4. Bxc6 dxc6 5. f4 Bg4 6. Nf3 e5 7. f5 c4 8. h3 Bxf3 9. Qxf3 Bc5 10.
Ne2 Qd6 11. b3 cxb3 12. axb3 O-O-O 13. d3 Bb4+ 14. Kf1 Bc5 15. g4 h6 16. Kg2 Rdg8 17. Rf1 g5 18. fxg6 Rxg6 19. Bd2 Kb8 20.
Qf5 Rhg8 21. Ng3 Bb6 22. Rf3 Bd8 23. Be3 Rg5 24. Bxg5 Rxg5 25. Raf1 Rxf5 26. Nxf5 Qf8 27. Ng3 Qc5 28.
c4 Qb4 29. Nf5 Ng8 30. Ng3 f6 31. h4 Be7 32. Nf5 Bc5 33. Kh3 a5 34. h5 Bb6 35. Ng3 Ka7 36. Nf5 Qxb3 37. d4 Qxc4 38.
dxe5 fxe5 39. Rb1 Bc5 40. Ng3 a4 41. Rff1 Be3 42. Nf5 Qd3 43. Kh2 Bf4+ 44. Kg1 Qc2 45. Rfd1 Nf6 46. Nd6 Nxg4 47.
Nc8+ Kb8 0-1

[Event "Tournoi de MI de l'Echiquier du Pays de Bray"]
[Site "Gournay-en-Bray, France"]
[Date "2023.05.19"]
[Round "7.3"]
[White "DUBESSAY, Bastien"]
[Black "NIKCEVIC, Nebosja"]
[Result "1-0"]
[TimeControl "1h30/40 + 30 (30s/c)"]
[WhiteTitle "FM"]
[BlackTitle "GM"]
[WhiteFideId "650048"]
[BlackFideId "901776"]
[WhiteElo "2283"]
[BlackElo "2373"]

1. d4 d5 2. c4 dxc4 3. Nf3 a6 4. e3 e6 5. Bxc4 Nf6 6. O-O b5 7. Bd3 Bb7 8. Qe2 Nbd7 9. a4 c5 10.
axb5 axb5 11. Rxa8 Qxa8 12. Bxb5 Bxf3 13. Qxf3 Qxf3 14. gxf3 cxd4 15. Rd1 Bc5 16. exd4 Bd6 17. Nc3 Ke7 18.
Ne4 Nd5 19. Nxd6 Kxd6 20. Bd3 Rb8 21. Kf1 Rb4 22. Bc2 Rc4 23. Bb3 Rb4 24. Bc2 Rc4 25. Bb1 Nb8 26. b3 Rc7 27. Ba3+ Kd7 28.
Bd3 Rc3 29. Bb5+ Nc6 30. Rc1 g6 31. Kg2 Rxc1 32. Bxc1 Nc3 33. Bc4 Nxd4 34. Bb2 Nce2 35. Kf1 Nxf3 36. Kxe2 Nxh2 37. f3 g5 38.
Be5 1-0

[Event "Tournoi de MI de l'Echiquier du Pays de Bray"]
[Site "Gournay-en-Bray, France"]
[Date "2023.05.19"]
[Round "7.4"]
[White "LEFEBVRE, Hervé"]
[Black "HÖGLAUER, Patrick"]
[Result "1/2-1/2"]
[TimeControl "1h30/40 + 30 (30s/c)"]
[WhiteTitle "FM"]
[BlackTitle "FM"]
[WhiteFideId "607363"]
[BlackFideId "1270548"]
[WhiteElo "2161"]
[BlackElo "2280"]

1. d4 Nf6 2. Nf3 e6 3. Bf4 c5 4. e3 b6 5. Nc3 d5 6. Nb5 Na6 7. h3 Be7 8. c3 O-O 9. Bd3 Ne4 10.
Qe2 Bb7 11. O-O f6 12. Rfd1 Qe8 13. Bxe4 dxe4 14. Nd2 Qc6 15. a4 Kh8 16. Nc4 Rfd8 17. Rac1 Rd7 18. b4 e5 19. dxe5 Rxd1+ 20. Rxd1 cxb4 21. Ncd6 b3 22. Nxb7 Qxb7 23. Qc4 Nc5 24. exf6 Bxf6 25. Nd6 Qe7 26. Nf7+ Kg8 27. Nh6+ Kh8 28. Nf7+ Kg8 29. Nh6+ 1/2-1/2

[Event "Tournoi de MI de l'Echiquier du Pays de Bray"]
[Site "Gournay-en-Bray, France"]
[Date "2023.05.19"]
[Round "7.5"]
[White "MOUHAMAD, Joachim"]
[Black "TEREKHOV, Andrey"]
[Result "1-0"]
[TimeControl "1h30/40 + 30 (30s/c)"]
[WhiteTitle "FM"]
[BlackTitle "FM"]
[WhiteFideId "656410"]
[BlackFideId "4121481"]
[WhiteElo "2238"]
[BlackElo "2314"]

1. e4 c5 2. Nf3 e6 3. d4 cxd4 4. Nxd4 Nc6 5. Nc3 a6 6. Nxc6 bxc6 7. Bd3 d5 8. O-O Nf6 9. Re1 Be7 10.
e5 Nd7 11. Qg4 Kf8 12. Bd2 Rb8 13. b3 h5 14. Qf3 Kg8 15. Na4 c5 16. c4 d4 17. Qe2 g6 18. Nb2 Kg7 19. Bc2 Bb7 20.
Nd3 Qc7 21. Nf4 Qc6 22. f3 h4 23. Rab1 a5 24. a3 Qa6 25. Bd3 Ba8 26. Bc2 Rbg8 27. h3 Rb8 28. Rec1 Bd8 29. Re1 Bc7 30.
Nd3 Rh5 31. Bf4 a4 32. b4 cxb4 33. axb4 Qxc4 34. Bxa4 Qd5 35. Rbc1 Nb6 36. Rxc7 Nxa4 37. Qd2 Nc3 38. Bg5 Bc6 39.
Nf4 Bb7 1-0

[ePGN "0.1;DGT LiveChess/2.2.5"]

[Event "Tournoi de MI de l'Echiquier du Pays de Bray"]
[Site "Gournay-en-Bray, France"]
[Date "2023.05.20"]
[Round "8.1"]
[White "TEREKHOV, Andrey"]
[Black "DECUIGNIERE, Tom"]
[Result "1/2-1/2"]
[TimeControl "1h30/40 + 30 (30s/c)"]
[WhiteTitle "FM"]
[BlackTitle "FM"]
[WhiteFideId "4121481"]
[BlackFideId "26093820"]
[WhiteElo "2314"]
[BlackElo "2396"]

1. d4 Nf6 2. g3 e6 3. Bg2 d5 4. Nf3 h6 5. O-O Bd6 6. c4 O-O 7. Qc2 Nbd7 8. Nbd2 c5 9. cxd5 exd5 10.
b3 b6 11. dxc5 Nxc5 12. Nd4 Re8 13. b4 Ne6 14. Nc6 Qd7 15. Bb2 Bb7 16. b5 d4 17. Nf3 Bc5 18. Rad1 Rac8 19. Nfe5 Qc7 20.
Qf5 a6 21. a4 Ra8 22. Ra1 Nd8 23. e3 Nxc6 24. Nxc6 dxe3 25. fxe3 Rxe3 26. Kh1 Re6 27. Rae1 Rae8 28. Rxe6 Rxe6 29.
Be5 Qc8 30. Bd5 axb5 31. axb5 Re8 32. Bxf6 Qxf5 33. Rxf5 Re1+ 34. Kg2 Rg1+ 35. Kf3 Rf1+ 36. Ke4 Re1+ 37. Kd3 gxf6 38. Rxf6 Rd1+ 39.
Ke4 Re1+ 40. Kd3 Rd1+ 41. Kc4 Rc1+ 42. Kb3 Rb1+ 43. Kc4 1/2-1/2

[Event "Tournoi de MI de l'Echiquier du Pays de Bray"]
[Site "Gournay-en-Bray, France"]
[Date "2023.05.20"]
[Round "8.2"]
[White "HÖGLAUER, Patrick"]
[Black "DGEBUADZE, Alexander"]
[Result "1/2-1/2"]
[TimeControl "1h30/40 + 30 (30s/c)"]
[WhiteTitle "FM"]
[BlackTitle "GM"]
[WhiteFideId "1270548"]
[BlackFideId "203882"]
[WhiteElo "2280"]
[BlackElo "2435"]

1. d4 Nf6 2. c4 e6 3. Nf3 Bb4+ 4. Nbd2 b6 5. a3 Bxd2+ 6. Qxd2 a5 7. b3 Bb7 8. e3 d6 9. Bb2 Nbd7 10.
Be2 O-O 11. O-O Qe7 12. Qc2 Be4 13. Qc3 c6 14. Nd2 Bg6 15. f3 Rfc8 16. e4 d5 17. Qe3 dxe4 18. fxe4 e5 19. dxe5 Nxe5 20.
Rad1 b5 21. Qg5 Re8 22. Kh1 h6 23. Qf4 b4 24. Nf3 Ned7 25. e5 bxa3 26. Ba1 Nh7 27. Qg4 Nc5 28. Nd4 Qg5 29. Nxc6 Nxb3 30.
Qd7 Nf8 31. Qd5 Ne6 32. Bf3 a4 33. Qd6 Bh5 34. Bxh5 Qxh5 35. Qxa3 Qg4 36. Ne7+ Kh7 37. Nd5 Qxc4 38. Nb6 Qg4 39.
Nxa8 Rxa8 40. Bc3 Nbc5 41. h3 Qg6 42. Be1 Kg8 43. Qf3 Rb8 44. Bf2 Ne4 45. Rfe1 N6g5 46. Qf4 Rb4 47. Rd4 Ne6 48. Qxe4 Nxd4 49. Qxg6 fxg6 50. e6 Kf8 51. Re4 a3 52. Bxd4 Ke8 53. Re3 Rxd4 1/2-1/2

[Event "Tournoi de MI de l'Echiquier du Pays de Bray"]
[Site "Gournay-en-Bray, France"]
[Date "2023.05.20"]
[Round "8.3"]
[White "NIKCEVIC, Nebosja"]
[Black "LEFEBVRE, Hervé"]
[Result "1-0"]
[TimeControl "1h30/40 + 30 (30s/c)"]
[WhiteTitle "GM"]
[BlackTitle "FM"]
[WhiteFideId "901776"]
[BlackFideId "607363"]
[WhiteElo "2373"]
[BlackElo "2161"]

1. Nf3 Nf6 2. c4 g6 3. Nc3 Bg7 4. d4 O-O 5. e4 d6 6. h3 e5 7. d5 Nh5 8. Nh2 Qe8 9. Be2 Nf4 10.
Bf3 f5 11. g3 fxe4 12. Nxe4 Nxh3 13. Ng4 Qf7 14. Nef6+ Kh8 15. Rxh3 Bxf6 16. Nh6 Qe7 17. g4 e4 18. Be2 Na6 19.
Rb1 Nc5 20. Be3 a5 21. Qd2 Bd7 22. Kf1 Qg7 23. Kg2 a4 24. Rh2 Nd3 25. g5 Be5 26. Rh4 Bf5 27. Rbh1 a3 28. b3 Rae8 29.
Bxd3 exd3 30. Nxf5 Rxf5 31. Qxd3 Ref8 32. Qe4 Qf7 33. Rxh7+ Qxh7 34. Rxh7+ Kxh7 35. Qh4+ Kg7 36. c5 Rh8 37. Qb4 dxc5 38. Qxc5 b6 39.
Qe7+ Kg8 40. f4 Bd6 41. Qe8+ Kh7 42. Qd7+ Kg8 43. Bd4 Bf8 44. Qe6+ Kh7 45. Be5 1-0

[Event "Tournoi de MI de l'Echiquier du Pays de Bray"]
[Site "Gournay-en-Bray, France"]
[Date "2023.05.20"]
[Round "8.4"]
[White "DEFROMONT, Benjamin"]
[Black "DUBESSAY, Bastien"]
[Result "1-0"]
[TimeControl "1h30/40 + 30 (30s/c)"]
[WhiteTitle "FM"]
[BlackTitle "FM"]
[WhiteFideId "36068829"]
[BlackFideId "650048"]
[WhiteElo "2347"]
[BlackElo "2283"]

1. d4 d5 2. c4 e6 3. Nf3 a6 4. g3 dxc4 5. a4 Nc6 6. Bg2 Nf6 7. O-O Rb8 8. a5 h6 9. Qa4 Bd6 10.
Ne5 Bxe5 11. dxe5 Nd5 12.
b3 c3 13. Ba3 Bd7 14. Bxd5 exd5 15. Nxc3 Nxe5 16. Qd4 f6 17.
Rad1 c6 18. f4 Ng6 19. e4 b6 20. axb6 Qxb6 21. Bc5 Qb7 22. Bd6 Rd8 23. Na4 Kf7 24. Nc5 Qb5 25.
exd5 Be8 26. Ne4 Kg8 27. f5 cxd5 28. Bc7 Ne5 29. Nxf6+ gxf6
30. Bxd8 Kg7 31. Qxd5 Qxd5 32. Rxd5 Bb5 33. Rc1 Re8 34. Rc7+ Kg8 35.
Bxf6 Nf3+ 36. Kg2 Ne1+ 37. Kh3 Bf1+ 38. Kh4 Be2 39. Rd8 Nf3+ 40.
Kh3 Bf1+ 41. Kg4 Ne5+ 42. Kf4 Nd3+ 43. Kf3 Be2+ 44. Kg2 Ne1+
45. Kg1 1-0

[Event "Tournoi de MI de l'Echiquier du Pays de Bray"]
[Site "Gournay-en-Bray, France"]
[Date "2023.05.20"]
[Round "8.5"]
[White "MOUHAMAD, Joachim"]
[Black "ROSHKA, Yevgeniy"]
[Result "1/2-1/2"]
[TimeControl "1h30/40 + 30 (30s/c)"]
[WhiteTitle "FM"]
[BlackTitle "IM"]
[WhiteFideId "656410"]
[BlackFideId "14129558"]
[WhiteElo "2238"]
[BlackElo "2508"]

1. e4 g6 2. d4 Bg7 3. Nc3 d6 4. Nf3 a6 5. Be3 b5 6. Bd3 Bb7 7. a4 b4 8. Ne2 Nd7 9. O-O Ngf6 10. Ng3 O-O 11. h3 c5 12. c3 c4 13. Bb1 a5 14. Qd2 b3 15. Bh6 e5 16. Nh2 Re8 17. Bxg7 Kxg7
18. Qg5 Kh8 19. Nf3 exd4 20. cxd4 Nxe4 21. Bxe4 Bxe4 22. Nxe4 Rxe4 23. Qd5 Rf4
24. Qxc4 Rb8 25. Rfe1 Kg7 26. Re3 Rb4 27. Qc6 Nf6 28. Rc1 Rb6 29. Qc4 Rb4 30. Qc6 Rf5 31. g4 Rf4 32. g5 Nd7 33. h4 h6 34. Qxd6 hxg5 35. Rc7 Qf6 36. Qxf6+ Nxf6 37. Nxg5 Nd5 38. Ne6+ Kf6 39. Nxf4 Nxc7 40. Rc3 Rxd4 41. Ne2 Rg4+ 42. Ng3 Ne6 43. Rxb3 Rxh4 44. Rf3+ Kg7 45. b3 Rb4 46. Ne2 f5 47. Rc3 Re4 48. Kf1 g5 49. Re3 Rxe3 50. fxe3 Nc5
51. Nd4 Kf6 52. Kg2 Ke5 53. Nc6+ Ke4 54. Nxa5 Kxe3 55. Nc4+ Ke2 56. a5 f4 57. Ne5 Na6 58. Ng4 Nb4 59. Nh2 Na6 60. Ng4 1/2-1/2

[ePGN "0.1;DGT LiveChess/2.2.5"]

[Event "Tournoi de MI de l'Echiquier du Pays de Bray"]
[Site "Gournay-en-Bray, France"]
[Date "????.??.??"]
[Round "9.1"]
[White "ROSHKA, Yevgeniy"]
[Black "TEREKHOV, Andrey"]
[Result "1-0"]
[TimeControl "1h30/40 + 30 (30s/c)"]
[WhiteTitle "IM"]
[BlackTitle "FM"]
[WhiteFideId "14129558"]
[BlackFideId "4121481"]
[WhiteElo "2508"]
[BlackElo "2314"]

1. e4 c5 2. Nc3 e6 3. Nf3 Nc6 4. Bb5 Nd4 5. Bd3 a6 6. O-O Nc6 7. Nd5 d6 8. Ne3 Nf6 9. c3 d5 10.
exd5 Nxd5 11. Be4 Be7 12. d4 cxd4 13. Nxd4 Nxd4 14. Qxd4 Nf6 15. Qxd8+ Bxd8 16. Bf3 Bc7 17. Nc4 O-O 18.
Bg5 Nd5 19. Rfd1 f6 20. Bh4 Bd7 21. Ne3 Bc6 22. Nxd5 Bxd5 23. Bxd5 exd5 24. Rxd5 Rad8 25. Rdd1 Rfe8 26. Bg3 Bxg3 27.
hxg3 h5 28. Kf1 Kf7 29. Rxd8 Rxd8 30. Ke2 Re8+ 31. Kd2 Rd8+ 32. Kc2 Re8 33. Rd1 Kg6 34. c4 Kf5 35. Rd5+ Kg4 36. Kd2 Re7 37.
b4 g5 38. Rd4+ Kf5 39. c5 Rh7 40. a4 h4 41. gxh4 gxh4 42. Kc3 Rg7 43. Rxh4 Rxg2 44. Rh7 Rxf2 45. Rxb7 Ke5 46. Re7+ Kd5 47.
Rd7+ Ke5 48. c6 Rf1 49. Rd2 Rc1+ 50. Rc2 Rh1 51. c7 Rh8 52. b5 1-0

[Event "Tournoi de MI de l'Echiquier du Pays de Bray"]
[Site "Gournay-en-Bray, France"]
[Date "????.??.??"]
[Round "9.3"]
[White "LEFEBVRE, Hervé"]
[Black "DEFROMONT, Benjamin"]
[Result "0-1"]
[TimeControl "1h30/40 + 30 (30s/c)"]
[WhiteTitle "FM"]
[BlackTitle "FM"]
[WhiteFideId "607363"]
[BlackFideId "36068829"]
[WhiteElo "2161"]
[BlackElo "2347"]

1. d4 Nf6 2. Nf3 c5 3. d5 d6 4. Nc3 g6 5. e4 Bg7 6. Bc4 O-O 7. O-O Na6 8. h3 Nc7 9. Re1 Rb8 10.
a4 a6 11. a5 b5 12. axb6 Rxb6 13. e5 dxe5 14. Nxe5 Bb7 15. Ra5 Ncxd5 16. Nxd5 Nxd5 17. Rxc5 Rd6 18. Qf3 Qb6 19. Bxd5 Qxc5 20.
Bxf7+ Kh8 21. Qxb7 Bxe5 22. Qxe7 Rd1 0-1